A+ - U26
MARTINEZ CLIPPERS @ LAKE ELSINORE STORM
05/21/2052
 
TOP OF THE 1ST
Martinez Clippers batting - Pitching for High Desert Mavericks : RHP Roberto Leggett
Pitching: RHP Roberto Leggett
Batting: LHB Oliver Paradis 0-0: Foul Ball, location: 2F
0-1: Foul Ball, location: 5F
0-2: SINGLE (Line Drive, 6MD, EV 97.5 MPH)
Batting: RHB Kevin Holmes 0-0: Called Strike
Oliver Paradis steals 2nd base
0-1: Ball
1-1: Foul Ball, location: 23FF
1-2: Ground out 6-3 (Groundball, 6, EV 105.6 MPH)
Oliver Paradis to third
Batting: RHB David Dorsey 0-0: Ball
1-0: Ball
2-0: Swinging Strike
2-1: Fly out, F9 (Flyball, 9LM, EV 87.5 MPH)
Runner from 3rd tags up, OUT at HOME! 9-2
Top of the 1st over - 0 runs, 1 hit, 0 errors, 0 left on base; Martinez 0 - High Desert 0
BOTTOM OF THE 1ST
High Desert Mavericks batting - Pitching for Martinez Clippers : RHP Naoyuki Sato
Pitching: RHP Naoyuki Sato
Batting: RHB Jackson Dziedzic 0-0: Ball
1-0: Called Strike
1-1: Fly out, F8 (Flyball, 8LM, EV 87.5 MPH)
Batting: LHB Elijah Wood 0-0: Called Strike
0-1: Ground out U3 (Groundball, 34, EV 100.6 MPH)
Batting: LHB Luís Mateo 0-0: Ball
1-0: Ball
2-0: Ball
3-0: Base on Balls
Batting: SHB Dewey Roark 0-0: Called Strike
0-1: Hit by Pitch
Luís Mateo to second
Batting: RHB Tex Strohecker 0-0: Called Strike
0-1: SINGLE (Line Drive, 8LS, EV 99.4 MPH)
Luís Mateo to third
Dewey Roark to second
Runner from 3rd tries for Home, SAFE, throw by CF to home
Batting: RHB Haden Goossen 0-0: Called Strike
0-1: Called Strike
0-2: Ball
Wild Pitch!
Dewey Roark to third
Tex Strohecker to second
1-2: Ground out 4-3 (Groundball, 4, EV 89.4 MPH)
Bottom of the 1st over - 1 run, 1 hit, 0 errors, 2 left on base; Martinez 0 - High Desert 1
TOP OF THE 2ND
Martinez Clippers batting - Pitching for High Desert Mavericks : RHP Roberto Leggett
Batting: SHB Don Grelle 0-0: Called Strike
0-1: Swinging Strike
0-2: Strikes out swinging
Batting: LHB Elijah Poynter 0-0: Foul Ball, location: 2F
0-1: Fly out, F8 (Flyball, 8RXD, EV 101.3 MPH)
Batting: LHB Randy Donnellan 0-0: Ball
1-0: Ground out 3-1 (Groundball, 34S, EV 85.6 MPH)
Top of the 2nd over - 0 runs, 0 hits, 0 errors, 0 left on base; Martinez 0 - High Desert 1
BOTTOM OF THE 2ND
High Desert Mavericks batting - Pitching for Martinez Clippers : RHP Naoyuki Sato
Batting: RHB Jamar Richardson 0-0: TRIPLE (Line Drive, 89XD, EV 105.0 MPH)
Batting: RHB Bengie Sandoval 0-0: Swinging Strike
0-1: Foul Ball, location: 7LSF
0-2: Ball
1-2: Foul Ball, location: 2F
1-2: Foul Ball, location: 2F
1-2: Foul Ball, location: 2F
1-2: Foul Ball, location: 2F
1-2: Strikes out looking
Batting: RHB Wallace Danko 0-0: Called Strike
0-1: Called Strike
0-2: Fly out, F9 (Line Drive, 9LM, EV 87.5 MPH)
Runner from 3rd tags up, SCORES, throw by RF
Batting: RHB Jackson Dziedzic 0-0: Ball
1-0: Foul Ball, location: 7LDF
1-1: Ball
2-1: Ball
3-1: Foul Ball, location: 3SF
3-2: Foul Ball, location: 5F
3-2: Fly out, F9 (Line Drive, 9LD, EV 94.4 MPH)
Bottom of the 2nd over - 1 run, 1 hit, 0 errors, 0 left on base; Martinez 0 - High Desert 2
TOP OF THE 3RD
Martinez Clippers batting - Pitching for High Desert Mavericks : RHP Roberto Leggett
Batting: RHB Darren Anderson 0-0: Foul Ball, location: 2F
0-1: Ball
1-1: Ball
2-1: Fly out, F7 (Flyball, 7LM, EV 91.3 MPH)
Batting: SHB Grant Zygmont 0-0: Called Strike
0-1: Ball
1-1: Foul Ball, location: 7LDF
1-2: Strikes out swinging
Batting: RHB Jason Devine 0-0: SINGLE (Groundball, 6M, EV 98.8 MPH)
Batting: LHB Oliver Paradis 0-0: Swinging Strike
0-1: Fly out, F9 (Flyball, 9, EV 89.4 MPH)
Top of the 3rd over - 0 runs, 1 hit, 0 errors, 1 left on base; Martinez 0 - High Desert 2
BOTTOM OF THE 3RD
High Desert Mavericks batting - Pitching for Martinez Clippers : RHP Naoyuki Sato
Batting: LHB Elijah Wood 0-0: Ground out 3-1 (Groundball, 3D, EV 109.4 MPH)
Batting: LHB Luís Mateo 0-0: Ball
1-0: Ball
2-0: Fly out, F8 (Flyball, 8LD, EV 97.5 MPH)
Batting: SHB Dewey Roark 0-0: Ball
1-0: Ball
2-0: Ball
3-0: Base on Balls
Batting: RHB Tex Strohecker 0-0: Ball
1-0: Ball
2-0: Ball
3-0: Called Strike
3-1: Swinging Strike
3-2: Foul Ball, location: 2F
3-2: SINGLE (Line Drive, 6M, EV 98.8 MPH)
Dewey Roark to second
Dewey Roark to third
Batting: RHB Haden Goossen 0-0: Ball
1-0: Called Strike
1-1: Swinging Strike
1-2: Fly out, F8 (Flyball, 8LM, EV 87.5 MPH)
Bottom of the 3rd over - 0 runs, 1 hit, 0 errors, 2 left on base; Martinez 0 - High Desert 2
TOP OF THE 4TH
Martinez Clippers batting - Pitching for High Desert Mavericks : RHP Roberto Leggett
Batting: RHB Kevin Holmes 0-0: Ball
1-0: Swinging Strike
1-1: Ground out 6-3 (Groundball, 56, EV 78.8 MPH)
Batting: RHB David Dorsey 0-0: Ball
1-0: Called Strike
1-1: Ground out 4-3 (Groundball, 4, EV 83.8 MPH)
Batting: SHB Don Grelle 0-0: Foul Ball, location: 7LDF
0-1: Ball
1-1: Ground out 4-3 (Groundball, 4, EV 105.6 MPH)
Top of the 4th over - 0 runs, 0 hits, 0 errors, 0 left on base; Martinez 0 - High Desert 2
BOTTOM OF THE 4TH
High Desert Mavericks batting - Pitching for Martinez Clippers : RHP Naoyuki Sato
Batting: RHB Jamar Richardson 0-0: Ball
1-0: SOLO HOME RUN (Flyball, 7D, EV 98.8 MPH), Distance : 359 ft
Batting: RHB Bengie Sandoval 0-0: Foul Ball, location: 3SF
0-1: Foul Ball, location: 2F
0-2: Ball
1-2: Hit by Pitch, AND HE CHARGES THE MOUND! The benches clear!
Pitching: RHP Millard Gould
Pinch Runner at 1st Cooper Gray:
Batting: RHB Wallace Danko 0-0: Ball
1-0: Fielders Choice at 2nd, 5-4 (Groundball, 5S, EV 82.5 MPH)
Batting: RHB Jackson Dziedzic 0-0: Fly out, F8 (Flyball, 8LXD, EV 95.6 MPH)
Batting: LHB Elijah Wood 0-0: Swinging Strike
0-1: Ball
Wallace Danko is caught stealing 2nd base 2-6
Bottom of the 4th over - 1 run, 1 hit, 0 errors, 0 left on base; Martinez 0 - High Desert 3
TOP OF THE 5TH
Martinez Clippers batting - Pitching for High Desert Mavericks : RHP Roberto Leggett
Now at SS: Cooper Gray
Batting: LHB Elijah Poynter 0-0: Called Strike
0-1: Ball
1-1: Ball
2-1: Ball
3-1: Called Strike
3-2: Foul Ball, location: 2F
3-2: SINGLE (Line Drive, 9LS, EV 90.6 MPH)
Batting: LHB Randy Donnellan 0-0: Foul Ball, location: 3F
0-1: Foul Ball, location: 2F
0-2: Ball
1-2: Fly out, F7 (Flyball, 78S, EV 83.8 MPH)
Batting: RHB Darren Anderson 0-0: SINGLE (Flyball, 6D, EV 90.0 MPH)
Elijah Poynter to second
Batting: SHB Grant Zygmont 0-0: Called Strike
0-1: Called Strike
Elijah Poynter is caught stealing 3rd base 2-5
Darren Anderson to second
0-2: Strikes out swinging
Top of the 5th over - 0 runs, 2 hits, 0 errors, 1 left on base; Martinez 0 - High Desert 3
BOTTOM OF THE 5TH
High Desert Mavericks batting - Pitching for Martinez Clippers : RHP Millard Gould
Batting: LHB Elijah Wood 0-0: Ball
1-0: Called Strike
1-1: Swinging Strike
1-2: Strikes out swinging
Batting: LHB Luís Mateo 0-0: Ball
1-0: Foul Ball, location: 7LMFF
1-1: Ball
2-1: Ball
3-1: Foul Ball, location: 7LSF
3-2: Base on Balls
Batting: SHB Dewey Roark 0-0: Ball
1-0: Ball
2-0: Ball
3-0: Base on Balls
Luís Mateo to second
Batting: RHB Tex Strohecker 0-0: Called Strike
0-1: Ball
1-1: Foul Ball, location: 5FF
1-2: Foul Ball, location: 2F
1-2: Ball
2-2: Grounds into double play, 5-4-3 (Groundball, 56S, EV 80.0 MPH)
Bottom of the 5th over - 0 runs, 0 hits, 0 errors, 1 left on base; Martinez 0 - High Desert 3
TOP OF THE 6TH
Martinez Clippers batting - Pitching for High Desert Mavericks : RHP Roberto Leggett
Batting: RHB Jason Devine 0-0: Foul Ball, location: 2F
0-1: Foul Ball, location: 2F
0-2: Ball
1-2: Foul Ball, location: 9LDF
1-2: Strikes out swinging
Batting: LHB Oliver Paradis 0-0: Called Strike
0-1: Ball
1-1: SINGLE (Line Drive, 4M, EV 103.1 MPH)
Batting: RHB Kevin Holmes 0-0: Ball
Oliver Paradis steals 2nd base
1-0: Ground out 5-3 (Groundball, 56, EV 101.3 MPH)
Oliver Paradis to third
Batting: RHB David Dorsey 0-0: Ground out 5-3 (Groundball, 5, EV 79.4 MPH)
Top of the 6th over - 0 runs, 1 hit, 0 errors, 1 left on base; Martinez 0 - High Desert 3
BOTTOM OF THE 6TH
High Desert Mavericks batting - Pitching for Martinez Clippers : RHP Millard Gould
Batting: RHB Haden Goossen 0-0: Ball
1-0: Ground out 6-3 (Groundball, P, EV 76.3 MPH)
Batting: RHB Jamar Richardson 0-0: Swinging Strike
0-1: Swinging Strike
0-2: Ground out 1-3 (Groundball, 13S, EV 69.4 MPH)
Batting: RHB Cooper Gray 0-0: Called Strike
0-1: Swinging Strike
0-2: Ground out 5-3 (Groundball, 56, EV 100.6 MPH)
Bottom of the 6th over - 0 runs, 0 hits, 0 errors, 0 left on base; Martinez 0 - High Desert 3
TOP OF THE 7TH
Martinez Clippers batting - Pitching for High Desert Mavericks : RHP Roberto Leggett
Batting: SHB Don Grelle 0-0: Called Strike
0-1: Ground out 6-3 (Groundball, P, EV 79.4 MPH)
Batting: LHB Elijah Poynter 0-0: Ball
1-0: Foul Ball, location: 23FF
1-1: Ground out 4-3 (Groundball, 4, EV 100.0 MPH)
Batting: LHB Randy Donnellan 0-0: Ball
1-0: Foul Ball, location: 7LMF
1-1: Ball
2-1: SINGLE (Flyball, 8RS, EV 89.4 MPH)
Batting: RHB Darren Anderson 0-0: Called Strike
0-1: Foul Ball, location: 5FF
0-2: Foul Ball, location: 2RF
0-2: Ball
1-2: Ball
2-2: Ball
3-2: Fly out, F7 (Flyball, 7D, EV 91.3 MPH)
Top of the 7th over - 0 runs, 1 hit, 0 errors, 1 left on base; Martinez 0 - High Desert 3
BOTTOM OF THE 7TH
High Desert Mavericks batting - Pitching for Martinez Clippers : RHP Millard Gould
Pitching: LHP Neil Reader
Batting: RHB Wallace Danko 0-0: Ground out 6-3 (Groundball, 6, EV 96.3 MPH)
Batting: RHB Jackson Dziedzic 0-0: Foul Ball, location: 7LSF
0-1: SINGLE (Line Drive, 8LS, EV 87.5 MPH)
Batting: LHB Elijah Wood 0-0: Called Strike
0-1: Grounds into double play, 6-4-3 (Groundball, 6, EV 105.0 MPH)
Bottom of the 7th over - 0 runs, 1 hit, 0 errors, 0 left on base; Martinez 0 - High Desert 3
TOP OF THE 8TH
Martinez Clippers batting - Pitching for High Desert Mavericks : RHP Roberto Leggett
Batting: SHB Grant Zygmont 0-0: Ball
1-0: Called Strike
1-1: Foul Ball, location: 2F
1-2: Strikes out swinging, 2-3 out at first.
Batting: RHB Jason Devine 0-0: Called Strike
0-1: Called Strike
0-2: Foul Ball, location: 2LF
0-2: Strikes out looking
Batting: LHB Oliver Paradis 0-0: Ball
1-0: Fly out, F8 (Flyball, 8RD, EV 101.9 MPH)
Top of the 8th over - 0 runs, 0 hits, 0 errors, 0 left on base; Martinez 0 - High Desert 3
BOTTOM OF THE 8TH
High Desert Mavericks batting - Pitching for Martinez Clippers : LHP Neil Reader
Batting: LHB Luís Mateo 0-0: SINGLE (Line Drive, 7S, EV 106.3 MPH)
Batting: SHB Dewey Roark 0-0: Ball
1-0: Ball
2-0: Foul Ball, location: 7LSF
2-1: Ball
3-1: Grounds into double play, 4-6-3 (Groundball, 4, EV 91.3 MPH)
Batting: RHB Tex Strohecker 0-0: Called Strike
0-1: Ball
1-1: Swinging Strike
1-2: SINGLE (Groundball, 6MD, EV 107.5 MPH) (infield hit)
Batting: RHB Haden Goossen 0-0: Ball
1-0: SINGLE (Groundball, P, EV 86.3 MPH) (infield hit)
Tex Strohecker to second
Batting: RHB Jamar Richardson 0-0: Fly out, F9 (Flyball, 9, EV 90.6 MPH)
Bottom of the 8th over - 0 runs, 3 hits, 0 errors, 2 left on base; Martinez 0 - High Desert 3
TOP OF THE 9TH
Martinez Clippers batting - Pitching for High Desert Mavericks : RHP Roberto Leggett
Pitching: LHP Gael Hampton
Batting: RHB Kevin Holmes 0-0: Ground out 4-3 (Groundball, 4, EV 103.8 MPH)
Batting: RHB David Dorsey 0-0: Ball
1-0: Swinging Strike
1-1: SINGLE (Line Drive, 3D, EV 106.9 MPH)
Batting: SHB Don Grelle 0-0: Called Strike
0-1: Ball
1-1: Foul Ball, location: 23F
1-2: Ball
2-2: Strikes out looking
Pinch Hitting: RHB Emiliano Gamboa 0-0: Ball
1-0: Ball
2-0: Reached on error, E5 (Groundball, 56S, EV 83.1 MPH)
David Dorsey to second
Batting: LHB Randy Donnellan 0-0: Ball
1-0: Called Strike
1-1: Foul Ball, location: 2F
1-2: Fly out, F7 (Flyball, 78S, EV 97.5 MPH)
Top of the 9th over - 0 runs, 1 hit, 1 error, 2 left on base; Martinez 0 - High Desert 3
Monday, April 22nd , 2024 - OOTP Baseball 24.11 Build 85